 Dungeon Crawl Stone Soup version 0.22-a0-439-gac93bac (webtiles) character file.

21 Mgcat the Chopper (level 2, -1/26 HPs)
             Began as a Hill Orc Berserker on May 29, 2018.
             Was a Follower of Trog.
             Hit by a goblin thrown by Robin (2 damage)
             ... on level 2 of the Dungeon.
             The game lasted 00:00:40 (182 turns).

Mgcat the Chopper (Hill Orc Berserker)               Turns: 182, Time: 00:00:41

Health: -1/26      AC:  2    Str: 19    XL:     2   Next: 83%
Magic:  2/2        EV: 12    Int:  7    God:    Trog [*.....]
Gold:   10         SH:  0    Dex: 10    Spells: 1/1 levels left

rFire    . . .     SeeInvis .   a - +0 hand axe
rCold    . . .     Gourm    .   (no shield)
rNeg     . . .     Faith    .   b - +0 animal skin
rPois    .         Spirit   .   (no helmet)
rElec    .         Reflect  .   (no cloak)
rCorr    .         Harm     .   (no gloves)
MR       .....                  (no boots)
Stlth    +.........             (no amulet)
HPRegen  0.08/turn              (no ring)
MPRegen  0.08/turn              (no ring)

@: berserk cooldown, slowed, very slow
A: no striking features
a: Berserk, Renounce Religion


You were on level 2 of the Dungeon.
You worshipped Trog.
Trog was aware of your devotion.
You were not hungry.

You visited 1 branch of the dungeon, and saw 2 of its levels.

You collected 10 gold pieces.

Inventory:

Hand Weapons
 a - a +0 hand axe (weapon)
Armour
 b - a +0 animal skin (worn)
Scrolls
 e - a scroll of enchant weapon {unknown}
Comestibles
 c - a ration
 d - 14 chunks of flesh {@w0}


   Skills:
 - Level 3.6 Fighting
 + Level 5.3 Axes
 - Level 2.1 Armour
 - Level 1.5 Dodging


You had one spell level left.
You didn't know any spells.
Your spell library was empty.

Dungeon Overview and Level Annotations

Branches:
Dungeon (2/15)

Altars:

Annotations:
D:2 Robin


Message History

You see here a stone.
A red film seems to cover your vision as you go berserk!
You feel yourself moving faster!
You feel mighty!
You feel quite a bit more hungry. The bat hits you.
The kobold throws a stone.
The stone hits you but does no damage.
You slash the bat!
You kill the bat!
Trog accepts your kill.
Your Axes skill increases to level 5!
You hit the ooze. The ooze barely misses you.
A hobgoblin comes into view.
The hobgoblin shouts!
You hit the ooze.
The ooze is severely wounded.
You hear a shout! x2
The kobold throws a stone.
The stone hits you but does no damage. The ooze closely misses you.
You barely miss the ooze.
The ooze is severely wounded.
You hit the rat.
You kill the rat!
Trog accepts your kill.
The kobold throws a stone.
The stone misses you.
You slash the ooze!
You kill the ooze!
Trog accepts your kill.
You slash the hobgoblin!
You kill the hobgoblin!
Trog accepts your kill. 3 goblins come into view.
A goblin is wielding a dagger of speed.
The goblin shouts! x3
A rat comes into view.
You see here a club.
You feel a strong urge to attack something.
A goblin comes into view. It is wielding a club.
A quokka comes into view.
You closely miss the hobgoblin.
You are no longer berserk.
You are exhausted.
You feel yourself slow down.
A goblin comes into view.
The hobgoblin hits you.
The kobold throws a stone.
The stone hits you but does no damage.
The rat twitches its whiskers.
You completely miss the hobgoblin. The hobgoblin hits you.
A goblin comes into view. It is wielding a dagger.
A hobgoblin comes into view.
The hobgoblin hits you.
You are too injured to fight recklessly!
You are too injured to fight recklessly!
You are too injured to fight recklessly!
You are too injured to fight recklessly!
You are too injured to fight recklessly!
The goblin hits you with a dagger of speed.
The goblin hits you with a dagger of speed.
A goblin comes into view. It is wielding a club.
The goblin hits you with a dagger of speed.
The goblin closely misses you. The goblin hits you but does no damage.
You see here a club.
The goblin barely misses you. The goblin hits you but does no damage.
The kobold misses you. The kobold misses you. The hobgoblin hits you.
The goblin hits you.
You see here a bat corpse.
The hobgoblin misses you. The kobold closely misses you.
Robin of the Strong Arm comes into view.
She is wielding a mace of protection.
The goblin hits you but does no damage.
A goblin comes into view. It is wielding a club.
You are too injured to fight recklessly!
You are too injured to fight recklessly!
You closely miss the quokka. You barely miss the hobgoblin.
You miss the goblin.
Robin shouts!
You hear a shout!
The quokka bites you. The hobgoblin closely misses you. The goblin hits you.
* * * LOW HITPOINT WARNING * * *
A bat comes into view.
The quokka closely misses you.
A goblin comes into view.
The hobgoblin closely misses you.
Okay, then.
Unknown command.
The goblin shouts!
You hit the quokka but do no damage. You closely miss the hobgoblin.
You closely miss the goblin.
Robin roars a battlecry!
The goblins go into a battle-frenzy!
The goblin misses you.
The rat twitches its whiskers.
The quokka barely misses you. The hobgoblin barely misses you.
The goblin barely misses you.
A goblin comes into view.
The quokka bites you.
* * * LOW HITPOINT WARNING * * *
You hit the quokka.
You kill the quokka!
Trog accepts your kill.
You closely miss the hobgoblin. You barely miss the goblin.
The bat hits you but does no damage. x2
A goblin comes into view. It is wielding a dagger.
The hobgoblin closely misses you. Robin throws the goblin at you!
You die...

....#.......
..........#
.............#
.............# ..
...... .....
g...##...# ...# #.
g.g....bg##...#...
###@g#........
#.gg#gKg.......
###g#.#grg.......
....#.#gg...$....
#####...).........
...g..............
.......(....##....
$.................
..................


You could see Robin, 2 hobgoblins, 11 goblins, a bat, a kobold and a rat.

Vanquished Creatures
  An ooze (D:2)
  2 bats
  A giant cockroach (D:1)
  2 goblins (D:1)
  2 hobgoblins
  4 jackals (D:1)
  A quokka (D:2)
  A rat (D:2)
14 creatures vanquished.

Notes
Turn   | Place    | Note
-------+----------+-------------------------------------------
     0 | D:1      | Mgcat the Hill Orc Berserker began the quest for the Orb.
     0 | D:1      | Reached XP level 1. HP: 19/19 MP: 1/1
    59 | D:1      | Reached XP level 2. HP: 21/26 MP: 2/2
   165 | D:2      | Reached skill level 5 in Axes
   179 | D:2      | Noticed Robin
   180 | D:2      | HP: 6/26 [goblin[Robin] (2)]
   181 | D:2      | HP: 1/26 [quokka (5)]
   182 | D:2      | Hit by a goblin thrown by Robin

Vault maps used:
D:1:      minmay_arrival_jagged
D:2:      nicolae_overflow_hidden_temple,
          chequers_ecumenical_altar_simple_redux, kennysheep_generic_room_11,
          uniq_robin, uniq_crazy_yiuf_cottage, uniq_natasha, uniq_sigmund

Skill      XL: |  1  2 |
---------------+-------+-----
Axes           | 5 |  5.3
Fighting       | |  3.6
Armour         | |  2.1
Dodging        | |  1.5

Action                   || total
-------------------------++-------
Melee: Hand axe          ||    25
Invok: Berserk           ||     2
Armor: Animal skin       ||     9
Dodge: Dodged            ||    29

Table legend:
 A = Spawn XP
 B = Non-spawn XP
 C = Spawn XP percentage of total XP
 D = Spawn monster count
 E = Non-spawn monster count
 F = Spawn count percentage of total count
 G = Total turns spent on level
                    A         B        C        D         E        F      G
               +---------+---------+-------+---------+---------+-------+---------
         Total |       0 |      30 |   0.0 |       0 |      14 |   0.0 |   182
               +---------+---------+-------+---------+---------+-------+---------
           D:1 |       0 |      17 |   0.0 |       0 |       9 |   0.0 |   161
           D:2 |       0 |      13 |   0.0 |       0 |       5 |   0.0 |    21
               +---------+---------+-------+---------+---------+-------+---------

Vault maps used:
D:1:      minmay_arrival_jagged
D:2:      nicolae_overflow_hidden_temple,
          chequers_ecumenical_altar_simple_redux, kennysheep_generic_room_11,
          uniq_robin, uniq_crazy_yiuf_cottage, uniq_natasha, uniq_sigmund

Table legend:
 A = Turns spent in this place as a percentage of turns spent in the entire game.
 B = Non-inter-level travel turns spent in this place as a percentage of non-inter-level travel turns spent in the entire game.
 C = Inter-level travel turns spent in this place as a percentage of turns spent in this place.
 D = Turns resting spent in this place as a percentage of non-inter-level travel turns spent in this place.
 E = Turns spent auto-exploring this place as a percentage of non-inter-level travel turns spent in this place.
 F = Non-inter-level travel turns spent in this place divided by the number of levels of this place that you've seen.
                   A       B       C       D       E      F
               +-------+-------+-------+-------+-------+----------------------
         Total | 100.0 | 100.0 |   0.0 |   0.0 |  64.8 |  91.0
       Dungeon | 100.0 | 100.0 |   0.0 |   0.0 |  64.8 |  91.0
               +-------+-------+-------+-------+-------+----------------------

Table legend:
 A = Kills in this place as a percentage of kills in entire the game.
 B = Kills by you in this place as a percentage of kills by you in the entire game.
 C = Kills by friends in this place as a percentage of kills by friends in the entire game.
 D = Other kills in this place as a percentage of other kills in the entire game.
 E = Experience gained in this place as a percentage of experience gained in the entire game.
 F = Experience gained in this place divided by the number of levels of this place that you have seen.
                   A       B       C       D       E      F
               +-------+-------+-------+-------+-------+----------------------
         Total | 100.0 | 100.0 |   N/A |   N/A | 100.0 |  15.0
       Dungeon | 100.0 | 100.0 |   N/A |   N/A | 100.0 |  15.0
               +-------+-------+-------+-------+-------+----------------------
